 Dungeon Crawl Stone Soup version 0.20.1-1-g8b1a95d (webtiles) character file.

984 rabbitfr the Basher (level 7, 35/57 HPs)
             Began as a Minotaur Berserker on Dec 14, 2017.
             Was a Priest of Trog.
             Quit the game in an ossuary on Dec 15, 2017.
             The game lasted 00:12:51 (4119 turns).

rabbitfr the Basher (Minotaur Berserker)            Turns: 4119, Time: 00:12:52

Health: 35/57      AC: 12    Str: 25    XL:     7   Next: 97%
Magic:  6/6        EV:  7    Int:  4    God:    Trog [***...]
Gold:   297        SH:  0    Dex: 14    Spells: 6/6 levels left

rFire    . . .     SeeInvis .   u - +0 flail
rCold    . . .     Gourm    .   (no shield)
rNeg     . . .     Faith    .   d - +0 plate armour
rPois    .         Spirit   .   (helmet restricted)
rElec    .         Reflect  .   x - +0 cloak (curse)
rCorr    .         Harm     .   (no gloves)
MR       .....                  (no boots)
Stlth    ..........             (no amulet)
Regen    0.2/turn               k - +4 ring of strength
MPRegen  0.1/turn               n - +2 ring of dexterity (curse)

@: no status effects
A: retaliatory headbutt, horns 2
a: Berserk, Trog's Hand, Burn Spellbooks, Renounce Religion


You were in an ossuary.
You worshipped Trog.
Trog was most pleased with you.
You were very hungry.

You visited 1 branch of the dungeon, and saw 5 of its levels.
You also visited: Ossuary.

You collected 297 gold pieces.

Inventory:

Hand Weapons
 u - a +0 flail (weapon)
Armour
 b - a +0 animal skin
 d - a +0 plate armour (worn)
 x - a cursed +0 cloak (worn)
Jewellery
 k - a +4 ring of strength (left hand)
 n - a cursed +2 ring of dexterity (right hand)
Wands
 g - a wand of random effects (11/48)
 w - a wand of acid (9/15)
 y - a wand of confusion (21/48)
Scrolls
 a - a scroll of blinking
 i - 2 scrolls of random uselessness {unknown}
 j - a scroll of enchant armour {unknown}
 l - 4 scrolls of identify {unknown}
 p - a scroll of noise {unknown}
 r - a scroll of enchant weapon {unknown}
 t - a scroll of teleportation {unknown}
 v - 2 scrolls of recharging {unknown}
Potions
 e - 3 potions of heal wounds {unknown}
 h - 2 potions of invisibility {unknown}
 m - 2 potions of curing {unknown}
 o - 2 potions of lignification {unknown}
Comestibles
 c - 5 bread rations
 f - a royal jelly
 q - 2 fruits


   Skills:
 - Level 3.6 Fighting
 + Level 11.3 Maces & Flails
 - Level 2.4 Armour
 - Level 2.1 Dodging
 - Level 0.1 Stealth


You had 6 spell levels left.
You didn't know any spells.

Dungeon Overview and Level Annotations

Branches:
Dungeon (5/15)             Temple (0/1) D:4

Altars:
Dithmenos
Gozag
Nemelex Xobeh
Trog
Vehumet
Zin


Innate Abilities, Weirdness & Mutations

You reflexively headbutt those who attack you in melee.
You have a pair of horns on your head.


Message History

You destroy the centaur zombie!
Trog accepts your kill.
You start resting.
A centaur zombie comes into view.
The centaur zombie hits you. The centaur zombie barely misses you.
You furiously retaliate!
You headbutt the centaur zombie! You hit the centaur zombie.
You headbutt the centaur zombie!
The centaur zombie is severely damaged.
The centaur zombie hits you.
You sock the centaur zombie!
You destroy the centaur zombie!
Trog accepts your kill.
There is an open door, spattered with blood here.
A centaur zombie comes into view.
There is an open door, spattered with blood here.
Welcome back, rabbitfr the Minotaur Berserker.
Trog says: Kill them all!
Press ? for a list of commands and other information.
Are you sure you want to abandon this character and quit the game? (Confirm with "yes".)

≈###
#≈≈≈#
P#.≈#
≈.≈##
....#
#####≈≈##
#...#...#
#.∩.'.###
#∩..#.'@#
#####Z###
+.'.#
#.### #.'
'.# #.+
#.# ..'


You could see a centaur zombie.

Vanquished Creatures
  An orc warrior (D:4)
  2 ogres
  A wyvern zombie (Ossuary)
  A scorpion (D:4)
  A howler monkey (D:4)
  A bullfrog zombie (Ossuary)
  2 centaur zombies (Ossuary)
  A hound (D:4)
  Crazy Yiuf (D:4)
  A centaur skeleton (D:4)
  Jessica (D:2)
  2 iguanas (D:4)
  Natasha (twice) (D:2)
  A worker ant (D:4)
  4 mummies (Ossuary)
  A howler monkey zombie (D:3)
  2 worker ant zombies (D:3)
  4 adders
  An ooze (D:4)
  3 adder zombies
  4 worms
  5 dart slugs
  2 leopard geckos
  2 orcs
  A ball python (D:1)
  13 bats
  4 giant cockroaches
  12 goblins
  7 hobgoblins
  5 jackals
  5 kobolds
  A ball python zombie (D:3)
  3 frilled lizards
  A giant cockroach zombie (D:3)
  2 jackal zombies (D:3)
  A leopard gecko skeleton (D:3)
  A leopard gecko zombie (D:3)
  A quokka skeleton (D:3)
  6 rats
109 creatures vanquished.

Vanquished Creatures (others)
  2 withered plants (Ossuary)
2 creatures vanquished.

Grand Total: 111 creatures vanquished

Notes
Turn   | Place    | Note
-------+----------+-------------------------------------------
     0 | D:1      | rabbitfr the Minotaur Berserker began the quest for the Orb.
     0 | D:1      | Reached XP level 1. HP: 19/19 MP: 0/0
    90 | D:1      | Reached skill level 4 in Maces & Flails
   252 | D:1      | Reached XP level 2. HP: 26/26 MP: 1/1
   447 | D:1      | Reached skill level 5 in Maces & Flails
   515 | D:1      | Reached XP level 3. HP: 30/31 MP: 2/2
   713 | D:2      | Noticed Jessica
   720 | D:2      | Killed Jessica
   861 | D:2      | Reached ** piety under Trog
   861 | D:2      | Reached XP level 4. HP: 39/39 MP: 3/3
   871 | D:2      | Reached skill level 6 in Maces & Flails
  1180 | D:2      | Found a radiant altar of Vehumet.
  1180 | D:2      | Found a sparkling altar of Nemelex Xobeh.
  1278 | D:2      | Noticed Natasha
  1281 | D:2      | Killed Natasha
  1318 | D:2      | Noticed Natasha
  1324 | D:2      | Killed Natasha
  1324 | D:2      | Reached skill level 7 in Maces & Flails
  1324 | D:2      | Reached XP level 5. HP: 29/45 MP: 4/4
  1430 | D:3      | Found a shadowy altar of Dithmenos.
  1963 | D:3      | Reached *** piety under Trog
  2144 | D:4      | Noticed an orc warrior
  2152 | D:4      | Killed an orc warrior
  2152 | D:4      | Reached skill level 8 in Maces & Flails
  2152 | D:4      | Reached XP level 6. HP: 13/51 MP: 5/5
  2474 | D:4      | Found a staircase to the Ecumenical Temple.
  2609 | D:4      | Reached skill level 9 in Maces & Flails
  2927 | D:4      | Reached XP level 7. HP: 50/57 MP: 6/6
  2945 | D:4      | Found a bloodstained altar of Trog.
  3214 | D:4      | Reached skill level 10 in Maces & Flails
  3267 | D:4      | Found a runed door.
  3374 | D:4      | Found a glowing silver altar of Zin.
  3374 | D:4      | Found an opulent altar of Gozag.
  3572 | D:4      | Noticed Crazy Yiuf
  3579 | D:4      | Killed Crazy Yiuf
  3698 | D:5      | Entered Level 5 of the Dungeon
  3851 | D:5      | Found a sand-covered staircase.
  3864 | Ossuary  | Entered an ossuary
  3899 | Ossuary  | Reached skill level 11 in Maces & Flails
  3902 | Ossuary  | HP: 2/57 [mummy (12)]
  4119 | Ossuary  | Quit the game

Skill      XL: |  1  2  3  4  5  6  7 |
---------------+----------------------+-----
Maces & Flails | 4 5 7 8 9 11 | 11.3
Fighting       | |  3.6
Armour         | |  2.4
Dodging        | |  2.1
Stealth        | |  0.1

Action                   |  1- 3 |  4- 6 |  7- 9 || total
-------------------------+-------+-------+-------++-------
Melee: Mace              |    69 |   115 |       ||   184
       Headbutt          |     6 |    32 |    23 ||    61
       Flail             |       |    15 |    81 ||    96
  Use: Scroll            |     2 |     1 |     1 ||     4
 Stab: Distracted        |       |     1 |       ||     1
  Eat: Chunk             |       |     6 |     3 ||     9
Armor: Plate armour      |    56 |   102 |    25 ||   183
       Animal skin       |     3 |       |       ||     3
Dodge: Dodged            |    34 |    48 |    16 ||    98
